Cogmind - Beta 16.1 *** ADVENTURER MODE // 2026.04.26 @ 22:02:35 Player: Saturn Result: Destroyed by G-67 Veteran with Field Laser Performance ------------- Evolutions (4) 2000 Regions Visited (6) 1200 Robots Destroyed (213) 1065 Value Destroyed (6311) 6311 Prototype IDs (15) 300 Alien Tech Used (0) 0 Bonus (1178) 1178 TOTAL SCORE: 12054 Bonus ------- High Alert Combat Kills 1011 Follower Combat Kills 194 Friendly Fire -27 Cogmind --------- Core Integrity 0/850 Matter 292/300 Energy 100/100 System Corruption 20% Temperature Cool (21) Movement Core (200) Ox3 Location -6/Extension Parts ------- > --- POWER (2) -------- (None) > --- PROPULSION (5) --- (None) > --- UTILITY (5) ------ Improved Heat Sink Medium Storage Unit > --- WEAPON (3) ------- (None) > --- INVENTORY (10) --- Light Nuclear Core Improved Deuterium Engine Light Angular Momentum Engine Carbon-fiber Leg Hardened Light Armor Plating Improved System Shield Heavy Laser Beamcaster Remote Datajack Phasing Sabre Peak State ------------ > --- POWER ------------ Light Angular Momentum Engine Neutrino Core > --- PROPULSION ------- Carbon-fiber Leg Carbon-fiber Leg Carbon-fiber Leg Flexi-carbon Leg Flexi-carbon Leg > --- UTILITY ---------- Advanced Heat Sink Medium Storage Unit Phase Shifter Layered Light Armor Plating Improved Shield Generator > --- WEAPON ----------- Thermic Laser Bore Cannon Phasing Sabre > --- INVENTORY -------- Improved Deuterium Engine Light Angular Momentum Engine Carbon-fiber Leg Improved Heat Sink Improved Light Armor Plating Improved System Shield Gauss Rifle Hypervelocity Gauss Rifle Magnetic Acceleration Cannon Remote Datajack [Rating: 69] Favorites ----------- Power Light Deuterium Engine Engine Light Deuterium Engine Power Core Light Nuclear Core Propulsion Carbon-fiber Leg Treads Light Treads Leg Carbon-fiber Leg Wheel Wheel Hover Unit Airjet Flight Unit Improved VTOL Module Utility Improved Heat Sink Device Improved Heat Sink Storage Medium Storage Unit Processor Advanced Targeting Computer Hackware System Shield Protection Layered Light Armor Plating Weapon Gatling Laser Energy Gun Gatling Laser Energy Cannon Heavy Ion Cannon Ballistic Gun Enhanced Autogun Ballistic Cannon Bore Cannon Launcher Heavy Rocket Launcher Special Weapon Remote Datajack Slashing Weapon Great Axe Build | -11 -10 -10 -8 -7 -6 -6 ------- Run | Yrd Mat Sub Mat Fac Fac Ext Slots Evolved 8 | . . . 4 2 2 . Power 1 | . . . . 1 . . Propulsion 3 | . . . 2 . 1 . Utility 3 | . . . 1 1 1 . Weapon 1 | . . . 1 . . . Parts Attached 145 | 7 4 8 27 55 20 24 Power 16 | 1 . . 3 5 3 4 Engine 7 | 1 . . 3 . 2 1 Core 9 | . . . . 5 1 3 Reactor . | . . . . . . . Propulsion 48 | 2 1 3 11 23 1 7 Treads 5 | 2 1 . 2 . . . Leg 9 | . . . . 4 . 5 Wheel 16 | . . 3 5 5 1 2 Hover 8 | . . . 1 7 . . Flight 10 | . . . 3 7 . . Utility 37 | 2 1 2 4 11 10 7 Device 13 | 1 . 1 1 4 1 5 Storage 4 | 1 1 . . 1 . 1 Processor 4 | . . . 2 . 2 . Hackware 1 | . . . . . 1 . Protection 15 | . . 1 1 6 6 1 Artifact . | . . . . . . . Weapon 44 | 2 2 3 9 16 6 6 Energy Gun 19 | . 2 . 5 10 . 2 Energy Cannon 3 | . . . 2 . 1 . Ballistic Gun 11 | 2 . 2 1 2 2 2 Ballistic Cannon 2 | . . . . . 1 1 Launcher 5 | . . 1 1 3 . . Special Weapon 2 | . . . . . 2 . Impact Weapon . | . . . . . . . Slashing Weapon 2 | . . . . 1 . 1 Piercing Weapon . | . . . . . . . Special Melee Weapon . | . . . . . . . Unidentified Prototypes 9 | . . . 3 6 . . Corrupted Parts 2 | . . . . . 2 . System Corruption 6 | . . . . . 6 . Parts Lost 73 | . . 3 10 24 16 20 Power 10 | . . 1 . 3 3 3 Propulsion 16 | . . . 3 5 2 6 Utility 21 | . . . 1 9 6 5 Weapon 26 | . . 2 6 7 5 6 Highest Loss Streak 17 | . . 1 4 6 7 17 To Critical Strikes 1 | . . . . . . 1 Average Backups 4 | . 2 4 6 4 3 6 Power . | . . . 1 . . . Propulsion . | . . . . . . . Utility 1 | . 1 2 1 . 1 1 Weapon 2 | . . 1 2 3 1 3 Tool/Special . | . . . . . . . Unused Backups 18 | . . 1 5 3 2 7 Power 2 | . . . . . . 2 Propulsion 3 | . . 1 . 1 . 1 Utility 7 | . . . 2 1 2 2 Weapon 6 | . . . 3 1 . 2 Tool/Special . | . . . . . . . Average Slot Usage (%) 85 | . 93 85 85 91 64 83 Engine 6 | . 14 13 8 5 3 2 Core 4 | . . . . 7 4 8 Treads 2 | . 26 7 2 . . . Leg 5 | . . . . 5 . 22 Wheel 7 | . . 14 16 3 9 2 Hover 3 | . . . . 8 . . Flight 5 | . . . 10 9 . . Device 10 | . 10 6 1 14 1 15 Storage 4 | . 14 13 5 . . 4 Processor 2 | . . . 6 2 4 . Protection 7 | . . 1 7 6 16 7 Energy Gun 7 | . 6 . 6 12 5 2 Energy Cannon 1 | . . . 4 . 2 . Ballistic Gun 9 | . 20 26 9 5 2 9 Launcher 2 | . . . 5 3 . . Peak Build Rating 69 | 9 9 12 31 54 58 69 Average Rating 34 | 8 7 8 24 43 43 50 On Entrance 17 | . 9 6 12 31 37 27 Avg Prop Armor Cover (%) 3 | . . . 5 3 . 3 Naked Turns . | . . . . . . . Heaviest Build 64 | 14 20 30 56 40 41 64 Greatest Support 85 | 40 40 40 50 56 56 85 Greatest Overweight (x) 11 | . 5 2 9 11 1 6 Average Overweight (x) . | . . . . . . . Largest Inventory Capacity 10 | 8 10 10 10 5 5 10 Average Capacity 6 | 7 9 9 8 5 5 8 Most Carried 10 | 5 5 7 10 5 5 10 Average Carried 4 | . 2 4 6 4 3 6 Final Capacity 10 | 8 10 5 5 5 5 10 Final Carried 10 | . 5 4 5 3 5 10 Class Distribution -------------------- 26% | Scavenger-Tank 21% | Mutant 18% | Scavenger-Gunner 9% | Gunner 6% | Tank 5% | Scavenger-Mutant 4% | Hacker-Mutant Dominant Class ---------------- Mutant | -10/Materials Mutant | -10/Subcaves Gunner | -8/Materials Scavenger-Tank | -7/Factory Hacker-Mutant | -6/Factory Scavenger-Tank | -6/Extension Resources | -11 -10 -10 -8 -7 -6 -6 ----------- Run | Yrd Mat Sub Mat Fac Fac Ext Matter Collected 4777 | 326 80 343 812 1855 353 1008 Remotely . | . . . . . . . Salvage Created 7349 | 196 138 264 1227 3747 728 1049 Parts 385 | 11 10 11 78 206 28 41 Haulers Intercepted 10 | . 2 . 3 4 1 . Recyclers Shooed 10 | . 1 . 2 5 . 2 Parts Field Recycled . | . . . . . . . Retrieved Matter . | . . . . . . . Parts Self-Destructed 15 | . . 15 . . . . Prevented . | . . . . . . . Parts Restored . | . . . . . . . Kills | -11 -10 -10 -8 -7 -6 -6 ------- Run | Yrd Mat Sub Mat Fac Fac Ext Combat Hostiles Destroyed 124 | . . 7 28 69 9 11 Melee 2 | . . . . . 2 . Guns 79 | . . 7 13 48 2 9 Cannons 8 | . . . 3 . 3 2 AOE 33 | . . . 12 20 1 . Classes Destroyed 17 | 3 2 3 5 4 . . Worker 20 | 2 . . 4 12 2 . Builder 13 | . . . 2 10 1 . Tunneler 6 | 4 . . . 2 . . Hauler 10 | . 2 . 3 4 1 . Recycler 21 | 1 . . 3 12 2 3 Mechanic 2 | . . . 1 1 . . Operator 4 | . . . 2 1 1 . Watcher 13 | . 2 . 3 5 1 2 Swarmer 38 | . . 2 11 18 5 2 Grunt 44 | . . . 11 30 . 3 Brawler 2 | . . . 1 1 . . Sentry 14 | . . 1 5 5 . 3 Specialist 1 | . . . . 1 . . Hunter 9 | . . . . 5 2 2 Programmer 11 | . . . . 8 2 1 Heavy 1 | . . . . 1 . . Subdweller 4 | . . 4 . . . . Best Kill Streak 14 | 3 1 2 9 14 5 2 Combat Bots Only 8 | . . 2 6 8 3 2 Max Kills in Single Turn 5 | 1 1 1 5 5 3 1 Gunslinging . | . . . . . . . Exploded 4 | . . . 4 3 1 . Melee 1 | . . . . . 1 . Uniques/NPCs Destroyed . | . . . . . . . Combat | -11 -10 -10 -8 -7 -6 -6 -------- Run | Yrd Mat Sub Mat Fac Fac Ext Hostile Shots Fired 1160 | . . 62 122 492 168 316 Missed 368 | . . 19 27 176 37 109 Hits 792 | . . 43 95 316 131 207 Projectile 792 | . . 43 95 316 131 207 Critical Strikes 18 | . . 1 5 3 6 3 Damage Taken 10322 | . . 646 1321 3598 2314 2443 Core 1723 | . . 98 301 467 351 506 Absorbed by Shields 278 | . . . . . . 278 Redirected to Shielding 153 | . . . . 102 51 . Ignored by Resistances 2842 | . . 180 323 1058 501 780 Core Remaining (%) 59 | 100 . 60 45 33 . . Volleys Fired 513 | 14 21 54 105 184 32 103 Largest 3 | 2 2 2 3 3 3 3 Hottest 209 | 40 80 70 186 200 209 177 Shots Fired 930 | 28 42 85 198 384 53 140 Gun 781 | 28 42 84 147 333 31 116 Cannon 69 | . . . 39 . 19 11 Launcher 64 | . . 1 12 51 . . Special 16 | . . . . . 3 13 Kinetic 452 | 28 36 85 110 81 15 97 Thermal 284 | . . . 69 170 15 30 Explosive 51 | . . . . 51 . . Electromagnetic 127 | . 6 . 19 82 20 . Robot Hit Streak 27 | 12 8 17 27 25 23 22 Robot Miss Streak 4 | 1 3 2 2 3 2 4 Penetration Max 2 | . . . . . . 2 Secondary Targets 5 | . . . 1 4 . . Max Gunslinging Chain 1 | . . . 1 1 . . Shots Hit Robots 613 | 19 31 40 130 257 46 90 Core Hits 407 | 10 10 12 76 235 22 42 Critical Kills 8 | . . . . 1 1 6 Critical Parts Destroyed 7 | . . . . . . 7 Critical Strikes 24 | . . . . 5 1 18 Burn 8 | . . . . 4 . 4 Destroy 16 | . . . . 1 1 14 Melee Attacks 31 | . . . . 1 29 1 Impact . | . . . . . . . Slashing 31 | . . . . 1 29 1 Piercing . | . . . . . . . Sneak Attacks 2 | . . . . . 2 . Combat Hostiles . | . . . . . . . Follow-up Attacks . | . . . . . . . Damage Inflicted 19650 | 210 337 636 4098 10873 2070 1426 Guns 9656 | 210 337 618 1430 5332 515 1214 Cannons 1422 | . . . 783 . 433 206 Explosions 8068 | . . 18 1862 5527 661 . Melee 461 | . . . . . 461 . Ramming 43 | . . . 23 14 . 6 Kinetic 5500 | 210 295 636 2194 947 179 1039 Thermal 7181 | . . . 1560 4159 1081 381 Explosive 4934 | . . . 108 4826 . . Electromagnetic 1531 | . 42 . 213 927 349 . Impact . | . . . . . . . Slashing 461 | . . . . . 461 . Piercing . | . . . . . . . Highest Corruption 20 | . . . . 12 20 20 Average Corruption 11 | . . . . 6 7 20 Corruption Purged . | . . . . . . . Corruption Blocked . | . . . . . . . Effects 115 | . . . . 43 16 56 Message Errors 25 | . . . . 11 4 10 Matter Fused 32 | . . . . 11 6 15 Heat Flow Errors 15 | . . . . 6 2 7 Energy Discharges 14 | . . . . 3 2 9 Parts Rejected 5 | . . . . 2 . 3 Parts Fused 1 | . . . . . . 1 Data Loss (minor) 9 | . . . . 3 1 5 Data Loss (major) 2 | . . . . 2 . . Misfires 3 | . . . . 3 . . Alerts 2 | . . . . 1 . 1 Misdirections 3 | . . . . 1 1 1 Weapon Failures 4 | . . . . . . 4 Overload Shots 26 | . . . . 23 3 . Effects 3 | . . . . 3 . . Energy Bleed 1 | . . . . 1 . . Short Circuit 2 | . . . . 2 . . Overflow Damage 1282 | . . . 350 359 573 . Projectiles 133 | . . . 104 . 29 . Explosions 1016 | . . . 246 359 411 . Melee 133 | . . . . . 133 . Knockbacks 2 | . . . . . 2 . Impact . | . . . . . . . Kinetic 2 | . . . . . 2 . Secondary . | . . . . . . . Self-Inflicted Damage 477 | . . . 128 135 214 . Shots 12 | . . . 3 6 3 . Rammed 6 | . . . 3 1 . 2 Targets Rammed 8 | . . . 3 1 . 4 Kicked 2 | . . . . . . 2 Crushed . | . . . . . . . Highest Temperature 572 | . 18 . 572 285 480 339 Average Temperature 110 | . 12 . 133 77 163 81 Received Heat Transfer 2012 | . . 177 549 675 12 599 Effects 23 | . . . 11 . 9 3 Shutdowns 7 | . . . 3 . 4 . Energy Bleed 1 | . . . . . 1 . Interference 6 | . . . 3 . . 3 Matter Decay 1 | . . . 1 . . . Damage (major) 6 | . . . 2 . 4 . Damage (core) 2 | . . . 2 . . . Siege Activations . | . . . . . . . Martial Activations . | . . . . . . . Shielding Activations . | . . . . . . . Robots Disrupted 1 | . . . . 1 . . Combat Hostiles 1 | . . . . 1 . . Robots Corrupted 1 | . . . . . 1 . Combat Hostiles 1 | . . . . . 1 . Parts Fried 11 | . . . 1 5 5 . Impact Corruptions . | . . . . . . . Robots Melted 3 | . . . . 1 1 1 Combat Hostiles 1 | . . . . 1 . . Parts Melted 15 | . . . 3 6 4 2 Heat Transferred 12585 | . . . 2150 7735 1250 1450 Parts Sabotaged . | . . . . . . . Parts Stolen . | . . . . . . . Parts Stripped . | . . . . . . . Power Chain Reactions 3 | . . . . 3 . . Alert | -11 -10 -10 -8 -7 -6 -6 ------- Run | Yrd Mat Sub Mat Fac Fac Ext Maximum Alert Level 4 | . . . 2 4 2 1 Low Security (%) 48 | 100 100 . 29 39 . 94 Level 1 14 | . . . 25 19 1 5 Level 2 30 | . . . 44 24 98 . Level 3 6 | . . . . 15 . . Level 4 . | . . . . 1 . . Level 5 . | . . . . . . . High Security . | . . . . . . . Max Security . | . . . . . . . Peak Influence 1270 | 10 9 . 526 1270 597 219 Initial 516 | . . . 1 176 516 219 Average 294 | . . . 292 367 486 145 Influence Increases 5117 | 35 42 100 1028 2714 555 643 Destroy 0b10 Robot/C 2500 | . . 60 560 1380 180 320 Destroy 0b10 Robot/NC 445 | 35 20 . 90 235 40 25 Destroy Leader 616 | . 8 10 132 368 54 44 Allied During Kill 38 | . . . . . . 38 Successful Hack 92 | . 5 . 10 39 18 20 Disable Machine 378 | . 9 . 45 198 117 9 Destroy Structure 583 | . . . 191 344 41 7 Lose Combat Pursuer 465 | . . 30 . 150 105 180 Influence Decreases 5071 | 35 42 95 580 1943 1258 1118 Entered New Map 1291 | . . . 4 277 708 302 Time Decay 2974 | 35 42 85 476 1426 390 520 Lost Part 566 | . . 10 100 240 160 56 Lost Ally 240 | . . . . . . 240 Squads Dispatched 36 | . . . 3 23 6 4 Investigation 11 | . . . 2 4 2 3 Extermination 9 | . . . . 7 2 . Reinforcement 11 | . . . 1 7 2 1 Assault 2 | . . . . 2 . . Garrison 3 | . . . . 3 . . Intercept . | . . . . . . . Searches Triggered . | . . . . . . . Construction Impeded 5 | . . . 1 3 . 1 Haulers Reinforced 1 | . . . . 1 . . Active Scanning Responses . | . . . . . . . Cargo Convoy Interrupts 1 | . . . . 1 . . Stealth | -11 -10 -10 -8 -7 -6 -6 --------- Run | Yrd Mat Sub Mat Fac Fac Ext Distress Signals 8 | . . . 2 3 1 2 Communications Jammed . | . . . . . . . Distress Signals . | . . . . . . . Times Spotted 219 | . 4 11 37 109 23 35 Peak Tracking Total 13 | . 2 3 5 13 8 9 Tactical Retreats 22 | . . 3 . 6 5 8 Traps | -11 -10 -10 -8 -7 -6 -6 ------- Run | Yrd Mat Sub Mat Fac Fac Ext Traps Triggered 8 | . 2 . 1 3 . 2 Indirectly . | . . . . . . . Trap Hack Attempts . | . . . . . . . Triggered . | . . . . . . . Disarmed . | . . . . . . . Reprogrammed . | . . . . . . . Reused . | . . . . . . . Traps Extracted . | . . . . . . . Installed . | . . . . . . . Triggered . | . . . . . . . Machines | -11 -10 -10 -8 -7 -6 -6 ---------- Run | Yrd Mat Sub Mat Fac Fac Ext Machines Disabled 42 | . 1 . 5 22 13 1 Max in Single Turn 12 | . 1 . 2 8 12 . Machines Repaired . | . . . . . . . Machines Dismantled . | . . . . . . . Machines Sabotaged . | . . . . . . . Overloaded Fab Kills . | . . . . . . . Hacking | -11 -10 -10 -8 -7 -6 -6 --------- Run | Yrd Mat Sub Mat Fac Fac Ext Machines Accessed 25 | . 2 . 7 10 3 3 Terminals 17 | . 2 . 5 5 2 3 Fabricators 2 | . . . . 2 . . Repair Stations 3 | . . . . 2 1 . Recycling Units 3 | . . . 2 1 . . Scanalyzers . | . . . . . . . Garrison Access . | . . . . . . . Total Hacks 67 | . 9 . 19 26 8 5 Successful 21 | . 4 . 7 5 3 2 Failed 46 | . 5 . 12 21 5 3 Catastrophic 14 | . 1 . 1 9 1 2 Database Lockouts . | . . . . . . . Manual 30 | . 7 . 9 10 4 . Terminals 47 | . 9 . 14 13 6 5 Fabricators 5 | . . . . 5 . . Repair Stations 8 | . . . . 6 2 . Recycling Units 7 | . . . 5 2 . . Scanalyzers . | . . . . . . . Garrison Access . | . . . . . . . Terminal Hacks 14 | . 3 . 3 3 3 2 Record 1 | . . . . . 1 . Part Schematic 1 | . . . . 1 . . Prototype ID Bank 3 | . . . 1 1 . 1 Open Door 1 | . . . . . . 1 Open DSF 1 | . . . . . 1 . Branch Access Points 2 | . 1 . . . 1 . Alert Level 1 | . . . . 1 . . Transport Status 2 | . 2 . . . . . Hauler Manifests 1 | . . . 1 . . . Zone Layout 1 | . . . 1 . . . Fabricator Hacks . | . . . . . . . Repair Station Hacks 1 | . . . . 1 . . Scan Component 1 | . . . . 1 . . Recycling Unit Hacks 3 | . . . 2 1 . . Report Inventory 3 | . . . 2 1 . . Scanalyzer . | . . . . . . . Garrison Access Hacks . | . . . . . . . Unauthorized Hacks 3 | . 1 . 2 . . . Terminals 3 | . 1 . 2 . . . Operators 3 | . 1 . 2 . . . Fabricators . | . . . . . . . Repair Stations . | . . . . . . . Recycling Units . | . . . . . . . Scanalyzers . | . . . . . . . Garrison Access . | . . . . . . . Data Cores Recovered 2 | . . . 2 . . . Used 1 | . . . 1 . . . Hacking Detections 22 | . 2 . 6 10 2 2 Full Trace Events 10 | . . . 2 4 2 2 Feedback Events . | . . . . . . . Feedback Blocked . | . . . . . . . Robot Schematics Acquired . | . . . . . . . Robots Built . | . . . . . . . Authchips . | . . . . . . . Time . | . . . . . . . Total Robot Build Rating . | . . . . . . . Part Schematics Acquired 1 | . . . . 1 . . Parts Built . | . . . . . . . Authchips . | . . . . . . . Time . | . . . . . . . Total Part Build Rating . | . . . . . . . Part Studies Acquired . | . . . . . . . Parts Repaired . | . . . . . . . Time . | . . . . . . . Parts Recycled . | . . . . . . . Recycled Matter . | . . . . . . . Retrieved Matter . | . . . . . . . Retrieved Components . | . . . . . . . Parts Scanalyzed . | . . . . . . . Part Schematics Acquired . | . . . . . . . Parts Damaged . | . . . . . . . Bothacking | -11 -10 -10 -8 -7 -6 -6 ------------ Run | Yrd Mat Sub Mat Fac Fac Ext Used RIF Installer . | . . . . . . . Robots Hacked 1 | . . . . . 1 . Non-combat 1 | . . . . . 1 . Combat . | . . . . . . . Robot Hacks Applied 2 | . . . . . 2 . parse_system 1 | . . . . . 1 . check_alert 1 | . . . . . 1 . Relay Couplers Released 7 | . . . . 4 3 . Programmers 7 | . . . . 4 3 . Fabnet Peak Effective % . | . . . . . . . Robots Rewired 11 | . . . . . . 11 Allies Hacked 1 | . . . . . . 1 Hacks Repelled . | . . . . . . . Allies | -11 -10 -10 -8 -7 -6 -6 -------- Run | Yrd Mat Sub Mat Fac Fac Ext Total Allies 13 | . . . . . . 13 Largest Group 13 | . . . . . . 13 Highest-Rated Group 366 | . . . . . . 366 Highest-Rated Ally 39 | . . . . . . 39 Total Orders . | . . . . . . . Ally Attacks 89 | . . . . . . 89 Total Damage 1529 | . . . . . . 1529 Kills 6 | . . . . . . 6 Allies Corrupted . | . . . . . . . Allies Melted 2 | . . 1 . . . 1 Intel | -11 -10 -10 -8 -7 -6 -6 ------- Run | Yrd Mat Sub Mat Fac Fac Ext Active Infowar (turns) 1176 | 280 258 404 . . 234 . Terrain 779 | 280 258 241 . . . . Structural 163 | . . 163 . . . . Traps 234 | . . . . . 234 . Robot Analysis Total . | . . . . . . . Derelict Logs Recovered 1 | . . 1 . . . . Drone Launches . | . . . . . . . Drone Recoveries . | . . . . . . . Exploration | -11 -10 -10 -8 -7 -6 -6 ------------- Run | Yrd Mat Sub Mat Fac Fac Ext Turns Passed 7652 | 353 353 872 1166 3022 793 1093 Spaces Moved 4725 | 126 165 611 729 2042 526 526 Core 66 | 25 2 . . 17 . 22 Treads 443 | 101 163 118 56 5 . . Legs 725 | . . . . 344 . 381 Wheels 2090 | . . 493 478 470 526 123 Hover 766 | . . . . 766 . . Flight 635 | . . . 195 440 . . Fastest Speed 14 | 50 160 95 87 14 100 100 Average Speed 109 | 138 161 115 105 100 102 127 Slowest Speed 675 | 160 300 160 675 600 115 350 Overloaded Moves 53 | . . . . 53 . . Propulsion Burnouts . | . . . . . . . Robots Hopped . | . . . . . . . Potential Cave-ins 7 | . . . . . 7 . Cave-ins Triggered 2 | . . . . . 2 . Exploration Rate (%) 34 | 8 43 45 55 37 15 39 Regions Visited 6 Branch Regions 2 Pre-discovered Areas . | . . . . . . . Known Exits Taken 1 | . . . . . 1 . Unknown Exits Taken 5 | 1 1 1 1 1 . . Scrap Searched . | . . . . . . . Spaces Dug 22 | . . . . 7 14 1 Terrain Destroyed 709 | . . 7 212 437 50 3 Melee 15 | . . . . . 14 1 Projectile 16 | . . . 11 2 1 2 AOE 678 | . . 7 201 435 35 . Terrain Rammed . | . . . . . . . Walls Destroyed . | . . . . . . . Machines Disabled . | . . . . . . . Actions | -11 -10 -10 -8 -7 -6 -6 --------- Run | Yrd Mat Sub Mat Fac Fac Ext Total 6312 | 279 213 695 963 2665 678 819 Wait 559 | 127 9 . 28 261 37 97 Move 4719 | 125 164 610 728 2041 525 526 Hop . | . . . . . . . Pick Up 130 | 6 8 9 29 32 20 26 Fast Attach 56 | 1 . . 10 35 5 5 Attach 112 | 6 6 9 25 29 16 21 Detach 23 | . 3 2 7 8 1 2 Swap 51 | . 2 3 7 25 5 9 Drop 93 | . . 8 21 48 8 8 Fire 513 | 14 21 54 105 184 32 103 Melee 31 | . . . . 1 29 1 Ram 6 | . . . 3 1 . 2 Kick 2 | . . . . . . 2 Crush . | . . . . . . . Escape Stasis 8 | . . . . . . 8 Rewire 9 | . . . . . . 9 Trap . | . . . . . . . Miscellaneous . | . . . . . . . Route ------- -11/Scrapyard -10/Materials (discovered 3 exits: *Min x2 / [*Sub]) -10/Subcaves (discovered 3 exits: *Mat x2 / [*Scr]) -8/Materials (discovered 2 exits: *Fac / [*Sto]) -7/Factory -6/Factory (discovered 4 exits: Low x2 / *Ext x2) -6/Extension History --------- Turn | Location | Event 6 | -11/Scrapyard | Discovered new exit (range 15) 354 | -11/Scrapyard | Entered Materials 355 | -10/Materials | Build established: Mutant 355 | -10/Materials | Met a group of wandering Federalists 502 | -10/Materials | Identified exit to Mines 695 | -10/Materials | Discovered new exit (range 8) 707 | -10/Materials | Entered Subcaves 708 | -10/Subcaves | Continued accompanying wandering Federalists (5) 708 | -10/Subcaves | Approached by a straggling Scientist 722 | -10/Subcaves | Learned Materials interactive machine intel 790 | -10/Subcaves | Ambushed by Subdwellers from Twisted Machinery 976 | -10/Subcaves | Discovered new exit (range 10) 1131 | -10/Subcaves | A swath of the cavern ceiling suddenly collapsed 1131 | -10/Subcaves | Shifting Twisted Machinery released Scrap Shield 1154 | -10/Subcaves | Shifting Twisted Machinery released Sub. Monowheel 1398 | -10/Subcaves | Build established: Scavenger-Mutant 1485 | -10/Subcaves | Shifting Twisted Machinery released Sub. Machine Gun 1491 | -10/Subcaves | Shifting Twisted Machinery released Sub. Monowheel 1491 | -10/Subcaves | Shifting Twisted Machinery released Sub. Optics 1491 | -10/Subcaves | Shifting Twisted Machinery released Barrage Gun 1572 | -10/Subcaves | Discovered new exit (range 7) 1579 | -10/Subcaves | Entered Materials 1579 | -8/Materials | Evolved 4 slots: Propulsion x2, Utility x1, Weapon x1 1580 | -8/Materials | Loaded intel: 19 interactive machine locations 1958 | -8/Materials | Lost 4 parts (2n2w) 2425 | -8/Materials | Discovered new exit (range 7) 2518 | -8/Materials | Discovered new exit (range 13) 2586 | -8/Materials | Build established: Gunner 2586 | -8/Materials | Core integrity fell below 50% 2647 | -8/Materials | Lost 3 parts (1n2w) 2745 | -8/Materials | Entered Factory 2745 | -7/Factory | Evolved 2 slots: Power x1, Utility x1 2939 | -7/Factory | Build established: Scavenger-Gunner 3893 | -7/Factory | Cargo convoy interrupted 4241 | -7/Factory | Build established: Scavenger-Tank 5220 | -7/Factory | Garrison activated, responded to threat 5230 | -7/Factory | System corruption reached 10% 5260 | -7/Factory | Lost 3 parts (2u1w) 5379 | -7/Factory | Destroyed 8 combat bots 5489 | -7/Factory | Lost 6 parts (3n1u2w) 5545 | -7/Factory | First assault squad dispatched 5682 | -7/Factory | Discovered new exit (range 15) 5740 | -7/Factory | Core integrity fell below 50% 5767 | -7/Factory | Entered another Factory area 5767 | -6/Factory | Evolved 2 slots: Propulsion x1, Utility x1 5772 | -6/Factory | Destroyed 8 combat bots 5797 | -6/Factory | Lost 5 parts (1p2u2w) 6028 | -6/Factory | Spotted B-75 Beast 6141 | -6/Factory | Lost 4 parts (1n3w) 6271 | -6/Factory | System corruption reached 10% 6290 | -6/Factory | Lost 7 parts (2p1n3u1w) 6308 | -6/Factory | Identified exit to Lower Caves 6308 | -6/Factory | Identified exit to Extension 6535 | -6/Factory | Crushed by falling debris 6542 | -6/Factory | Crushed by falling debris 6560 | -6/Factory | Entered Extension 6573 | -6/Extension | Lost 5 parts (1p3u1w) 7022 | -6/Extension | Spotted B-75 Beast 7119 | -6/Extension | Rescued a captive Derelict 7120 | -6/Extension | Rescued a captive Derelict 7435 | -6/Extension | Disrupted transfer network 7483 | -6/Extension | Lost 4 allies 7506 | -6/Extension | Spotted B-75 Beast 7531 | -6/Extension | Core integrity fell below 50% 7550 | -6/Extension | Lost 6 allies 7567 | -6/Extension | Core integrity fell below 20% 7593 | -6/Extension | Lost 17 parts (2p5n5u5w) 7653 | -6/Extension | Destroyed by G-67 Veteran with Field Laser Last Messages --------------- 07574_ R-10 Processor collects Carbon-fiber Leg. 07578_ System corrupted: Component data lost. 07582_ Acquired Hvy. Laser. 07588_ Acquired Hvy. Machine Gun. [Achievement: Hydra] 07593_ System corrupted: Matter fused (-5). 07610_ System corrupted: Heat flow error (+223). 07614_ Acquired 25 matter. 07625_ System corrupted: Hvy. Laser rejected. 07625_ S-27 Virus destroyed. 07629_ System corrupted: Hvy. Machine Gun jammed. 07631_ Acquired 8 matter. 07635_ Acquired 4 matter. 07639_ Slammed into S-27 Virus. 07641_ %JD:RBH= 779%RD3PE,RO 7DZHY> 07642_ Slammed into S-27 Virus. 07646_ Acquired 3 matter. 07651_ S-27 Virus destroyed. 07652_ Hvy. Machine Gun destroyed. Map ----- +----------------------------------------------------+ | | | | | | | | | | | | | | | | | | | | | | | | | | | | | | | ?????????????????????????????????????????????????? | | ?????????????????????????????????????????????????? | | ##???????????????????????????????????????????????? | | #?#####????????????????????########?????????????? | | ### ###################### #?????????????? | | + #?????????????? | | ### ###### g### = #?????????????? | | #?#####????# #?# == #?????????????? | | ###?????????# #?# == #?????????????? | | #?????????# ########### ### #?????????????? | | ##?????????# #????????#;@;####""#"#?????????????? | | #??????????# #????????##s%BB[%%= #?????????????? | | ##????????### #?????????# #BB;;;;; #?????????????? | | ??????????#T# ########### #######; #?????????????? | | ??????????"! ! #??????# "#????????????? | | ??????????#########+### #??????# "#????????????? | | ???????????????# # #??????# #?????????????? | | ???????????????#[ != + #??????# #?????????????? | | ???????????????# = ###+###????"[#?????????????? | | ???????????????# ! #?# #????" #?????????????? | | ???????????????########?# #????" #?????????????? | | ????????????????????????# #????" #?????????????? | | ????????????????????????# #????" #?????????????? | | ????????????????????????# #????"%#?????????????? | | ????????????????????????# #????"%#?????????????? | | ????????????????????????# #????"%#?????????????? | | ????????????????????????# #???#"%#?????????????? | | ????????????????????????# #???#" ##????????????? | | ????????????????????????#####???#" "#????????????? | | ???????????????????????????????### %##???????????? | | ??????????????????????????????## #%#%###?????????? | | ??????????????????????????????#### "%" ## ##?????? | | ??????????????????????????????## * "" "??? | | ??????????????????????????????## %% = " " ?? | | ??????????????????????????????## %% #? | +----------------------------------------------------+ Best States ------------- Heat Dissipation 75 Coolant Potential 65 Energy Generation 32 Energy Capacity 375 Matter Stores 450 Matter Capacity 450 Sight Range 16 Terrain Scan Range 16 Terrain Scan Density 10 Armor Coverage 800 Resistance: KI 20 Resistance: TH 20 Resistance: EX 20 Resistance: EM 20 Resistance: I 20 Resistance: S 20 Resistance: P 20 Propulsion Shielding 66 Phase Shifting 5 Evasion (%) 60 Targeting Accuracy 14 Recoil Reduction 2 Matter Filtering 30 Offensive Hacking 10 Defensive Hacking 10 Item Schematics ----------------- Imp. Gravmag System | -7/Factory | Hacked Robot Schematics ------------------ None Fabricated ------------ Nothing Repaired ---------- Nothing Studied --------- None Alien Tech Used ----------------- None Achievements -------------- A New Friend Botjacking Can't Catch Me Dynamic Key Hydra It Was An Accident, I Swear Overkill Part-time Excavator Strength In Numbers System Compromised Whoosh! Challenges ------------ None Game ------ Seed AdvancedSalvagingReplicator Manual? 0 Play Time 01:57:19 Cumulative 12.4 hours Start 2026.04.26 @ 20:05:02 End 2026.04.26 @ 22:02:35 Sessions 1 Manual Loads 0 Difficulty Adventurer Special Mode None Game No. 7 Rogue 0 Adventurer 7 Explorer 0 Win Type - Total 0 Types 0/0/0/0/0/0/0/0/0/0 Lore% 7 Gallery% 18 Achievement% 16 Wizard Run 0 Options --------- Layout 1 ASCII 0 Keyboard 0 Movement Mouse Keybinds 0 Fullscreen 2 Font 32/SmallcapsGlow Map View 50x35 Zoom Use 0% Tactical HUD 1 Map Filters NONE Filters NONE Steam 1 RUN: 7cc39585-f6b1-4b4b-849c-bf306595ed2d